 Dungeon Crawl Stone Soup version 0.16.1-18-g436b03c (webtiles) character file.

737 noize the Sneak (level 7, 0/35 HPs)
             Began as a Vine Stalker Enchanter on May 3, 2015.
             Slain by a sky beast (4 damage)
             ... on level 6 of the Dungeon.
             The game lasted 00:13:54 (4542 turns).

noize the Sneak (Vine Stalker Enchanter)            Turns: 4542, Time: 00:13:55

Health: 0/35       AC:  7    Str: 10    XL:     7   Next: 74%
Magic:  0/16       EV: 13    Int: 16    God:
Gold:   268        SH:  0    Dex: 16    Spells: 4 memorised, 4 levels left

rFire  . . .     SeeInvis .     a - +0 dagger (speed)
rCold  . . .     Clarity  .     b - +1 robe
rNeg   . . .     SustAb   .     (no shield)
rPois  .         Gourm    .     C - +0 helmet
rElec  .         Spirit   +     J - +2 cloak {MR+}
rCorr  .         Warding  .     (no gloves)
rMut   .         Stasis   .     (no boots)
MR     +....                    (no amulet)
Stlth  ++++......               (no ring)
                                (no ring)

@: bonded with blade, somewhat resistant to hostile enchantments, stealthy
A: fangs 2, regeneration 2, magic shield, antimagic bite, no device heal 3, rot
immunity
a: no special abilities


You were on level 6 of the Dungeon.
You were not hungry.

You visited 1 branch of the dungeon, and saw 6 of its levels.

You collected 268 gold pieces.

Inventory:

Hand weapons
 a - a +0 dagger of speed (weapon)
 d - a +0 blowgun
 w - a +0 short sword of holy wrath
 G - a +3 dagger
Missiles
 y - 22 poisoned needles
Armour
 b - a +1 robe (worn)
 C - a +0 helmet (worn)
 J - a +2 cloak of magic resistance (worn)
Jewellery
 e - an uncursed ring of magical power {unknown}
 g - an uncursed amulet of resist corrosion {unknown}
 p - an uncursed ring of see invisible {unknown}
 u - an uncursed ring of stealth {unknown}
Scrolls
 f - 4 scrolls of identify {unknown}
 m - 3 scrolls of teleportation {unknown}
 r - a scroll of remove curse {unknown}
 s - a scroll of fear {unknown}
 t - 2 scrolls of fog {unknown}
 A - a scroll of amnesia {unknown}
 D - a scroll of recharging {unknown}
Potions
 j - a potion of curing {unknown}
 k - 2 potions of brilliance {unknown}
 l - 3 potions of haste {unknown}
 n - a potion of cancellation {unknown}
 o - a potion of invisibility {unknown}
 q - a potion of resistance {unknown}
 v - 2 potions of restore abilities {unknown}
 z - a potion of poison {unknown}
 H - 2 potions of mutation {unknown}
 I - a potion of magic {unknown}
 K - a potion of lignification {unknown}
Books
 c - a book of Maledictions

   Spells                             Type                      Level
   a - Corona                         Hexes                        1
   b - Sure Blade                     Hexes/Charms                 2
   c - Ensorcelled Hibernation        Hexes/Ice                    2
   d - Confuse                        Hexes                        3
   e - Dazzling Spray                 Conjuration/Hexes            3
   f - Enslavement                    Hexes                        4
Comestibles
 h - a beef jerky
 i - a royal jelly
 x - 3 bread rations
 B - a slice of pizza
 E - 2 meat rations
 F - 2 chunks of flesh


   Skills:
 + Level 2.1 Fighting
 + Level 3.1 Short Blades
 + Level 2.7 Dodging
 * Level 7.2 Stealth
 - Level 3.0 Spellcasting
 + Level 4.7 Hexes


You had 4 spell levels left.
You knew the following spells:

 Your Spells              Type           Power        Failure   Level  Hunger
a - Corona                Hex            ###....      3%          1    #......
b - Ensorcelled Hibernat  Hex/Ice        #.....       12%         2    ##.....
c - Sure Blade            Hex/Chrm       #.........   12%         2    ##.....
d - Confuse               Hex            ###.....     12%         3    ###....


Dungeon Overview and Level Annotations

Branches:
Dungeon (6/15)
 Temple: D:4-7

Altars:
Elyvilon
Gozag
Makhleb
Nemelex Xobeh
Sif Muna


Innate Abilities, Weirdness & Mutations

You have extremely sharp teeth.
You heal very quickly.
When hurt, damage is shared between your health and your magic reserves.
Your bite disrupts and absorbs the magic of your enemies.
Potions and wands cannot restore your health.
You are immune to rotting.


Message History

Reactivating autopickup.
The sky beast closely misses you.
You completely miss the sky beast. Your bite misses the sky beast.
The sky beast is lightly wounded.
The sky beast flickers out of sight!
Deactivating autopickup; reactivate with Ctrl-A.
Something hits you. Something shocks you.
* * * LOW HITPOINT WARNING * * *
You hit something but do no damage. You bite something. You drain its power.
You feel invigorated.
You hit something but do no damage. Something hits you but does no damage.
You hit something. Your bite misses something. You barely miss something.
Something hits you.
* * * LOW HITPOINT WARNING * * *
Something shocks you.
* * * LOW HITPOINT WARNING * * *
You hit something. Something hits you.
* * * LOW HITPOINT WARNING * * *
Something shocks you.
You die...

#............
###..>......... .
#.......b...... ..
#.............. ...
. ##.._..........#
[.. ...
#..............# ..b
....#
#.......###.### ....
.......#####.#######
.# ....
....$...o)@..# .#
.... Y.......######
... ......# ...
.....# ... ..... ..
... . .


You could see an orc.

Vanquished Creatures
  A centaur (D:5)
  A giant frog (D:6)
  A crocodile (D:5)
  A scorpion (D:6)
  4 orc priests (D:5)
  Crazy Yiuf (D:5)
  An iguana (D:5)
  A hound (D:4)
  An orc wizard (D:5)
  2 worker ants
  Ijyb (D:5)
  5 adders
  A giant mite (D:3)
  7 giant geckos
  3 oozes
  17 orcs
  A bat zombie (D:5)
  6 hobgoblins
  16 jackals
  2 quokkas
  4 ball pythons
  10 bats
  4 giant cockroaches
  5 giant newts
  15 goblins
  5 kobolds
  9 rats
125 creatures vanquished.

Vanquished Creatures (others)
  A quokka (D:5)
1 creature vanquished.

Grand Total: 126 creatures vanquished

Notes
Turn   | Place    | Note
--------------------------------------------------------------
     0 | D:1      | noize, the Vine Stalker Enchanter, began the quest for the Orb.
     0 | D:1      | Reached XP level 1. HP: 9/9 MP: 3/3
   194 | D:1      | Reached skill level 1 in Short Blades
   222 | D:1      | Reached XP level 2. HP: 11/13 MP: 3/5
   226 | D:1      | Learned a level 2 spell: Ensorcelled Hibernation
   237 | D:1      | You fall through a shaft!
   269 | D:2      | Reached skill level 4 in Stealth
   440 | D:1      | Learned a level 2 spell: Sure Blade
   557 | D:1      | Reached XP level 3. HP: 14/16 MP: 7/7
  1138 | D:2      | Reached XP level 4. HP: 19/21 MP: 9/9
  1150 | D:2      | Learned a level 3 spell: Confuse
  1359 | D:2      | Found a sparkling altar of Nemelex Xobeh.
  2290 | D:3      | Reached skill level 5 in Stealth
  2455 | D:3      | Reached XP level 5. HP: 20/24 MP: 12/12
  2671 | D:3      | Found a burning altar of Makhleb.
  3241 | D:4      | Noticed an ogre
  3328 | D:5      | Entered Level 5 of the Dungeon
  3335 | D:5      | Noticed a crocodile
  3447 | D:5      | Killed a crocodile
  3447 | D:5      | Gained mutation: You heal very quickly. [vine stalker growth]
  3447 | D:5      | Reached XP level 6. HP: 29/29 MP: 9/14
  3527 | D:5      | Found an opulent altar of Gozag.
  3661 | D:5      | Reached skill level 1 in Fighting
  3783 | D:5      | Reached skill level 6 in Stealth
  3880 | D:5      | Noticed Ijyb
  3890 | D:5      | Killed Ijyb
  3999 | D:5      | Found a white marble altar of Elyvilon.
  4013 | D:5      | Noticed a centaur
  4016 | D:5      | Killed a centaur
  4016 | D:5      | Reached XP level 7. HP: 34/34 MP: 13/16
  4258 | D:5      | Noticed Crazy Yiuf
  4262 | D:5      | Killed Crazy Yiuf
  4450 | D:6      | Reached skill level 7 in Stealth
  4482 | D:6      | Found a deep blue altar of Sif Muna.
  4542 | D:6      | Slain by a sky beast

Action                   |  1- 3 |  4- 6 |  7- 9 || total
-------------------------+-------+-------+-------++-------
Melee: Dagger            |   131 |   144 |    83 ||   358
       Short sword       |       |   126 |       ||   126
 Cast: Ensorcelled Hiber |     1 |    28 |     7 ||    36
       Sure Blade        |     1 |     2 |     1 ||     4
       Confuse           |       |     2 |       ||     2
 Stab: Sleeping          |     8 |    17 |     6 ||    31
  Eat: Chunk             |     1 |     7 |     2 ||    10
       Bread ration      |       |     1 |       ||     1
